 Dungeon Sprint DCSS version 0.14-a0-3295-g3fd807f (webtiles) character file.

1 BluebellGnoll the Sneak (level 1, 0/9 HPs)
             Began as a Spriggan Enchanter on Mar 14, 2014.
             Was an Initiate of Vehumet.
             Slain by a green rat (1 damage)
             ... in the Dungeon (Sprint VII: "The Pits").
             The game lasted 00:00:57 (92 turns).

BluebellGnoll the Sneak (Spriggan Enchanter)          Turns: 92, Time: 00:00:57

HP   0/9         AC  3     Str  4      XL: 1   Next: 16%
MP   4/4         EV 18     Int 16      God: Vehumet [......]
Gold 0           SH  0     Dex 16      Spells:  1 memorised,  4 levels left

rFire  . . .     SeeInvis +     a - +1 dagger
rCold  . . .     Clarity  .     b - +1 robe
rNeg   . . .     Conserve .     (shield restricted)
rPois  .         rCorr    .     (helmet restricted)
rElec  .         rRot     .     (no cloak)
SustAb . .       Spirit   .     (gloves unavailable)
rMut   .         Warding  .     (boots unavailable)
Saprov . . .     NoTele   +     (no amulet)
MR     .....                    (no ring)
                                (no ring)

@: exhausted, slowed, quick, not resistant to hostile enchantments, quite
stealthy
A: unfitting armour, see invisible, herbivore 3, speed 3, slow metabolism 2
a: Renounce Religion


You were in the Dungeon.
You worshipped Vehumet.
Vehumet was noncommittal.
You were not hungry.

You visited 1 branch

Inventory:

Hand weapons
 a - a +1,+1 dagger (weapon)
 l - a +2,+2 dagger
Missiles
 d - 12 darts (quivered)
Armour
 b - a +1 robe (worn)
Scrolls
 k - a scroll of blinking
 m - 2 scrolls of vulnerability
 n - 3 scrolls of remove curse
 o - 5 scrolls of amnesia
 p - a scroll of summoning
Potions
 e - a potion of porridge
 f - a potion of curing
 g - a potion of heal wounds
 h - a potion of haste
 i - 4 potions of magic
 j - 2 potions of berserk rage
 q - 2 potions of invisibility
Books
 c - a book of Maledictions

   Spells                             Type                      Level
   *Corona                            Hexes                        1
   Sure Blade                         Hexes/Charms                 2
   Ensorcelled Hibernation            Hexes/Ice                    2
   Confuse                            Hexes                        3
   Enslavement                        Hexes                        4
   Invisibility                       Hexes                        6


   Skills:
 - Level 1.1 Short Blades
 - Level 1.1 Throwing
 - Level 3.0 Dodging
 + Level 4.5 Stealth
 - Level 2.6 Spellcasting
 - Level 3.6 Hexes


You had 4 spell levels left.
You knew the following spells:

 Your Spells              Type           Power        Failure   Level  Hunger
a - Corona                Hex            ##.....      6%          1    #......


Dungeon Overview and Level Annotations

Branches:
Dungeon (1/1)

Altars:
Ashenzari
Cheibriados
Dithmenos
Elyvilon
Fedhas
Kikubaaqudgha
Makhleb
Nemelex Xobeh
Okawaru
Sif Muna
Trog
Vehumet
Xom
Yredelemnul
Zin
The Shining One
Beogh
Jiyva
Lugonu


Innate Abilities, Weirdness & Mutations

You are tiny and cannot use many weapons and most armour.
You have supernaturally acute eyesight.
You are a herbivore.
You cover ground extremely quickly.
You need consume almost no food.


Message History

You barely miss the green rat.
The green rat is severely wounded.
You are no longer berserk.
You are exhausted.
You feel yourself slow down. The green rat closely misses you.
You hit the green rat but do no damage.
The green rat is severely wounded.
The green rat bites you.
* * * LOW HITPOINT WARNING * * *
The green rat closely misses you.
You barely miss the green rat.
The green rat is severely wounded.
The green rat barely misses you.
You hit the green rat.
The green rat is almost dead.
The green rat closely misses you.
You hit the green rat.
The green rat is almost dead.
The green rat bites you.
You die...

############
#__________#
#_____.____#
#######+#############
#.))).+.+%.##.........
#.))..#.#.(##......#..#
#######+#####..........
#.......@...'...........
#+#####r#####......#..#.
#....o# #............
#.....# ####'#####++
###+### #.......#
#.......# #.......#
#...<...# #.......#


You could see a green rat and an orc.

Vanquished Creatures
  A giant cockroach (D)
1 creature vanquished.

Vanquished Creatures (others)
  A titan (D)
  A reaper (D)
2 creatures vanquished.

Grand Total: 3 creatures vanquished

Notes
Turn   | Place    | Note
--------------------------------------------------------------
     0 | D        | BluebellGnoll, the Spriggan Enchanter, began the quest for the Orb.
     0 | D        | Reached XP level 1. HP: 9/9 MP: 4/4
    16 | D        | Killed a reaper
    23 | D        | Reached skill level 4 in Stealth
    32 | D        | Found a shadowy altar of Dithmenos.
    32 | D        | Found a basalt altar of Yredelemnul.
    32 | D        | Found a deep blue altar of Sif Muna.
    32 | D        | Found a burning altar of Makhleb.
    32 | D        | Found a shimmering altar of Xom.
    32 | D        | Found an ancient bone altar of Kikubaaqudgha.
    32 | D        | Found a sparkling altar of Nemelex Xobeh.
    33 | D        | Found a glowing golden altar of the Shining One.
    33 | D        | Found a bloodstained altar of Trog.
    33 | D        | Found a shattered altar of Ashenzari.
    33 | D        | Found a white marble altar of Elyvilon.
    33 | D        | Found a snail-covered altar of Cheibriados.
    33 | D        | Found a blossoming altar of Fedhas.
    33 | D        | Found a radiant altar of Vehumet.
    33 | D        | Found a glowing silver altar of Zin.
    33 | D        | Found a corrupted altar of Lugonu.
    33 | D        | Found a viscous altar of Jiyva.
    33 | D        | Found a roughly hewn altar of Beogh.
    33 | D        | Found an iron altar of Okawaru.
    41 | D        | Became a worshipper of Vehumet
    90 | D        | Killed a titan
    92 | D        | Slain by a green rat

Action                   || total
-------------------------++-------
Melee: Dagger            ||    28
  Use: Potion            ||     1
